 Dungeon Crawl Stone Soup version 0.28.0-47-ge53b351184 (webtiles) character file.

Game seed: 4480488863347032532

102 Revguard the Ruffian (level 4, -4/36 HPs)
             Began as a Draconian Transmuter on May 5, 2022.
             Killed by divine providence
             ... invoked by an orc priest
              (13 damage)
             ... on level 2 of the Dungeon.
             The game lasted 00:03:48 (1585 turns).

Revguard the Ruffian (Draconian Transmuter)         Turns: 1585, Time: 00:03:48

Health: -4/36      AC:  5    Str: 12    XL:     4   Next: 50%
Magic:  5/8        EV: 12    Int: 16    God:
Gold:   84         SH:  0    Dex: 11    Spells: 5/8 levels left

rFire   . . .      SeeInvis .     - Unarmed
rCold   . . .      Faith    .   (no shield)
rNeg    . . .      Spirit   .   (armour unavailable)
rPois   .          Reflect  .   (helmet currently unavailable)
rElec   .          Harm     .   (no cloak)
rCorr   .          Rampage  .   (no gloves)
Will    .....                   (boots currently unavailable)
Stlth   +.........              (no amulet)
HPRegen 0.12/turn               (no ring)
MPRegen 0.11/turn               (no ring)

@: appendages, wereblooded
A: horns 2, talons 2, AC +5, unfitting armour, cold-blooded
a: End Transformation


You were on level 2 of the Dungeon.
You had temporarily grown beastly horns and talons.
You visited 1 branch of the dungeon, and saw 2 of its levels.

You collected 84 gold pieces.

Inventory:

Scrolls
 b - a scroll of enchant weapon {unknown}
 c - 2 scrolls of identify {unknown}
Potions
 a - a potion of curing {unknown}
 d - 2 potions of brilliance {unknown}


   Skills:
 + Level 2.0 Fighting
 + Level 2.2 Dodging
 + Level 3.3 Unarmed Combat
 * Level 2.9 Spellcasting
 + Level 1.2 Conjurations
 + Level 2.5 Transmutations


You had 5 spell levels left.
You knew the following spells:

 Your Spells              Type           Power      Damage    Failure   Level
a - Beastly Appendage     Tmut           20%        N/A       7%          1
b - Wereblood             Tmut           10%        N/A       10%         2

Your spell library contained the following spells:

 Spells                   Type           Power      Damage    Failure   Level
 Spider Form              Tmut/Pois      6%         N/A       32%         3
 Ice Form                 Ice/Tmut       6%         N/A       73%         4


Dungeon Overview and Level Annotations

Branches:
Dungeon (2/15)

Altars:

Shops:
D:1 [   D:2 ?[


Innate Abilities, Weirdness & Mutations

You have temporarily grown beastly horns and talons.
Your plain brown scales are hard. (AC +5)
You cannot fit into any form of body armour.
You are cold-blooded and may be slowed by cold attacks.


Message History

Press: ? - help, Q - select action, (/) - cycle Dir - look around, f - activate You grow a pair of large bovine horns.
Your feet morph into talons.
The orc misses you.
You closely miss the orc. Your kick misses the orc.
The orc wizard casts a spell.
The orc wizard flickers and vanishes!
Deactivating autopickup; reactivate with Ctrl-A.
The orc closely misses you.
You closely miss the orc. The orc barely misses you.
You hit the orc but do no damage. You claw the orc.
The orc is lightly wounded.
You hit the orc but do no damage. You claw the orc.
The orc is moderately wounded.
The orc barely misses you.
Your magical contamination has completely faded away.
You hit the orc but do no damage. You claw the orc.
You feel a bit better.
You kill the orc!
You hear some strange, mumbled words.
A magic dart appears from out of thin air!
The magic dart hits you.
Things that are here:
a +0 vorpal hand axe; a +0 ring mail You barely miss something.
Your kick misses something.
Your tail-slap misses something.
The orc priest barely misses you.
The orc throws a boomerang.
Something hits you.
You hit something. Your kick misses something. Your headbutt misses something.
You howl as the wereblood boils in your veins!
The orc priest looks braver for a moment.
The orc throws a boomerang.
The boomerang misses you. Something hits you but does no damage.
You hit something but do no damage. Your kick misses something.
The orc priest closely misses you.
The orc throws a boomerang.
The boomerang barely misses you. Something hits you.
You hit something but do no damage. Your kick misses something.
The orc priest hits you from afar with a +0 trident.
* * * LOW HITPOINT WARNING * * *
Something hits you but does no damage.
The orc priest calls down the wrath of Beogh upon you.
Beogh smites you!
You die...

#..........####.#....
....#.#......# #.).#.#
....# #.#....# #.###.# ....
#.##.#.# #.# #.#
######..###.#..#†####.# #.#
......................# #.#
8...8.......#.##.###### #.#
........####...#.# #.#
.......o{)@......########.#
.......o####...#...........
8...8............########.#
.......#####...### #..
######. ##.## #.. .. #.#
##. ### ##.# ## #..# #.##


You could see an orc priest and an orc.

Vanquished Creatures
  Natasha (twice) (D:2)
  2 adders (D:2)
  A worm (D:2)
  A dart slug (D:1)
  An orc (D:2)
  3 ball pythons
  2 bats (D:2)
  3 endoplasms (D:2)
  4 giant cockroaches
  2 hobgoblins
  A quokka (D:2)
  2 frilled lizards (D:2)
  4 goblins
  A kobold (D:1)
  2 rats (D:2)
31 creatures vanquished.

Notes
Turn   | Place    | Note
-------+----------+-------------------------------------------
     0 | D:1      | Revguard the Draconian Transmuter began the quest for the
                  | Orb.
     0 | D:1      | Reached XP level 1. HP: 16/16 MP: 3/3
   409 | D:1      | Reached XP level 2. HP: 16/23 MP: 1/5
   412 | D:1      | Learned a level 2 spell: Wereblood
   526 | D:1      | Found Moqig's Armour Emporium.
  1015 | D:2      | Found Juguvamoa's Magic Scroll Emporium.
  1050 | D:2      | Found Ingy's Antique Armour Emporium.
  1091 | D:2      | Noticed Natasha
  1098 | D:2      | Reached XP level 3. HP: 20/28 MP: 2/6
  1106 | D:2      | Killed Natasha
  1110 | D:2      | Reached skill level 1 in Conjurations
  1219 | D:2      | Noticed Natasha
  1230 | D:2      | Killed Natasha
  1231 | D:2      | Reached XP level 4. HP: 36/36 MP: 4/8
  1585 | D:2      | Killed from afar by an orc priest

Illustrated notes

Levels and vault maps discovered:
D:1:      scummos_arrival_simple_fountains, layout_basic, serial_shops,
          shop_statue
D:2:      cheibrodos_pilgrimage, layout_loops_ring, serial_shops,
          nicolae_shop_trees, nicolae_shop_stone, shop, minmay_splitting_lines,
          uniq_crazy_yiuf_cottage, uniq_natasha

Skill      XL: |  1  2  3  4 |
---------------+-------------+-----
Dodging        | 2 |  2.2
Conjurations   | 1 |  1.2
Fighting       | 2 |  2.0
Unarmed Combat | |  3.3
Spellcasting   | |  2.9
Transmutations | |  2.5

Action                   |  1- 3 |  4- 6 || total
-------------------------+-------+-------++-------
Melee: Unarmed           |    56 |    29 ||    85
       Kick              |    17 |     5 ||    22
       Headbutt          |     9 |     3 ||    12
       Tailslap          |     5 |     1 ||     6
       Punch             |     1 |     1 ||     2
 Cast: Beastly Appendage |    11 |     7 ||    18
       Wereblood         |     2 |     1 ||     3
 Stab: Distracted        |     1 |       ||     1
       Sleeping          |       |     1 ||     1
Armor: Skin              |    13 |    10 ||    23
Dodge: Dodged            |    36 |    24 ||    60
